 Dungeon Crawl Stone Soup version 0.24-a0-57-gac335f2 (webtiles) character file.

Game seed: 1708240196299115440

104 lemonriz the Covered (level 4, -5/41 HPs)
             Began as a Minotaur Fighter on Feb 4, 2019.
             Was an Initiate of Okawaru.
             Killed by nerve-wracking pain
             ... invoked by Grinder
              (10 damage)
             ... on level 3 of the Dungeon.
             The game lasted 00:02:13 (2307 turns).

lemonriz the Covered (Minotaur Fighter)             Turns: 2307, Time: 00:02:14

Health: -5/41      AC:  8    Str: 21    XL:     4   Next: 52%
Magic:  3/3        EV:  7    Int:  5    God:    Okawaru [......]
Gold:   77         SH:  9    Dex: 10    Spells: 3/3 levels left

rFire    . . .     SeeInvis .   r - +3 long sword
rCold    . . .     Gourm    .   c - +0 shield
rNeg     . . .     Faith    .   b - +0 scale mail
rPois    .         Spirit   .   (helmet restricted)
rElec    .         Reflect  .   m - +0 cloak
rCorr    .         Harm     .   (no gloves)
MR       .....                  (no boots)
Stlth    ..........             (no amulet)
HPRegen  0.13/turn              (no ring)
MPRegen  0.08/turn              (no ring)

@: no status effects
A: retaliatory headbutt, horns 2
a: Renounce Religion


You were on level 3 of the Dungeon.
You worshipped Okawaru.
Okawaru was noncommittal.
You were hungry.

You visited 1 branch of the dungeon, and saw 3 of its levels.

You collected 77 gold pieces.

Inventory:

Hand Weapons
 r - a +3 long sword (weapon)
Armour
 b - a +0 scale mail (worn)
 c - a +0 shield (worn)
 m - a +0 cloak (worn)
Jewellery
 g - an uncursed ring of see invisible {unknown}
Scrolls
 e - 2 scrolls of blinking {unknown}
 i - 2 scrolls of immolation {unknown}
 j - 2 scrolls of fear {unknown}
 l - a scroll of enchant armour {unknown}
 n - 2 scrolls of remove curse {unknown}
 o - 2 scrolls of identify {unknown}
 p - a scroll of magic mapping {unknown}
Potions
 a - a potion of lignification {unknown}
 d - a potion of might
 h - a potion of heal wounds
 k - a potion of curing {unknown}
 s - a potion of flight {unknown}
Comestibles
 f - 3 rations
 q - 3 chunks of flesh


   Skills:
 + Level 4.3 Fighting
 * Level 4.1 Long Blades
 + Level 4.3 Armour
 + Level 4.3 Shields


You had 3 spell levels left.
You didn't know any spells.
Your spell library was empty.

Dungeon Overview and Level Annotations

Branches:
Dungeon (3/15)

Altars:
Elyvilon
Nemelex Xobeh
Okawaru

Annotations:
D:3 Grinder


Innate Abilities, Weirdness & Mutations

You reflexively headbutt those who attack you in melee.
You have a pair of horns on your head.


Message History

Grinder is heavily wounded.
Grinder hits you but does no damage. Grinder gestures at you.
Pain shoots through your body!
You slash Grinder! Your headbutt misses Grinder.
Grinder is severely wounded.
Grinder drinks a potion.
Grinder is healed!
Your shield and scale mail prevent you from hitting Grinder.
Grinder hits you but does no damage.
You hit Grinder.
Grinder is lightly wounded.
Grinder hits you!
You hit Grinder. Your headbutt misses Grinder.
Grinder is lightly wounded.
Grinder gestures at you. Pain shoots through your body!
* * * LOW HITPOINT WARNING * * *
Grinder gestures at you. Pain shoots through your body!
You die...

## #.######
#5@....#
#.####.# #. #.#
#.####.########
#.............#
##......#####.#
###.##....##.#
# ...
#.##.##.#####
#### #.#
##).....


You could see Grinder.

Vanquished Creatures
  2 orc wizards (D:3)
  An ooze (D:2)
  2 worms (D:3)
  A dart slug (D:1)
  2 leopard geckos
  7 orcs (D:3)
  A giant cockroach (D:2)
  2 hobgoblins
  A jackal (D:3)
  3 bats
  2 frilled lizards
  4 goblins
  6 kobolds
  5 rats
39 creatures vanquished.

Notes
Turn   | Place    | Note
-------+----------+-------------------------------------------
     0 | D:1      | lemonriz the Minotaur Fighter began the quest for the Orb.
     0 | D:1      | Reached XP level 1. HP: 19/19 MP: 0/0
   494 | D:1      | Reached XP level 2. HP: 24/27 MP: 1/1
  1601 | D:2      | Found a faded altar of an unknown god.
  1601 | D:2      | Found a sparkling altar of Nemelex Xobeh.
  1606 | D:2      | Found a faded altar of an unknown god.
  1608 | D:2      | Found an iron altar of Okawaru.
  1609 | D:2      | Found a white marble altar of Elyvilon.
  1632 | D:2      | Became a worshipper of Warmaster Okawaru
  1802 | D:3      | Reached XP level 3. HP: 33/33 MP: 2/2
  1948 | D:3      | Reached XP level 4. HP: 20/40 MP: 3/3
  2296 | D:3      | Noticed Grinder
  2307 | D:3      | Killed from afar by Grinder

Vault maps used:
D:1:      dpeg_arrival_round_c, minmay_split_cup_small
D:2:      chequers_temple_overflow_minitemple, first_ration
D:3:      uniq_grinder

Skill      XL: |  1  2  3  4 |
---------------+-------------+-----
Long Blades    | 3 4 |  4.1
Armour         | 4 |  4.3
Fighting       | 4 |  4.3
Shields        | 4 |  4.3

Action                   |  1- 3 |  4- 6 || total
-------------------------+-------+-------++-------
Melee: Long sword        |    87 |    35 ||   122
       Headbutt          |    14 |     6 ||    20
  Eat: Chunk             |     3 |     1 ||     4
Armor: Scale mail        |    35 |    17 ||    52
Dodge: Dodged            |    26 |     3 ||    29
Block: Shield            |    38 |     6 ||    44
       Rpst.: Long sword |     9 |       ||     9

Table legend:
 A = Non-vault XP
 B = Vault XP
 C = Vault XP percentage of total XP
 D = Non-vault monster count
 E = Vault monster count
 F = Vault count percentage of total count
                 A         B        C        D         E       F
            +---------+---------+-------+---------+---------+-------
      Total |     146 |       3 |   2.0 |      36 |       3 |   7.7
            +---------+---------+-------+---------+---------+-------
        D:1 |      14 |       3 |  17.6 |       7 |       3 |  30.0
        D:2 |      20 |       0 |   0.0 |      12 |       0 |   0.0
        D:3 |     112 |       0 |   0.0 |      17 |       0 |   0.0
            +---------+---------+-------+---------+---------+-------
